AoeStats
← jones3adz

MegaRandom

503233282Analyzed
1v1 RM · 2mo ago on Aug 30, 2026· 43m 58s· 2 players
Game mode
Random Map
Map size
Tiny (2 player)
Population
200
Speed
Normal
Resources
Standard
Victory
Conquest
Starting age
Dark Age
Ending age
Imperial Age
RankedLock teamsTeams togetherTeam positionsShared explorationLock speedFull tech treeHidden civsTurbo modeCheats
Victory
Defeat
🇳🇴 Georgians · Norway
730
+14
vs
🇬🇧 Khmer · United Kingdom
691
-14
jones3adz
9:58 Feudal Age
13:20 Wheelbarrow
13:06 Double-Bit Axe
17:14 Castle Age
24:48 Wheelbarrow
24:00 Town Watch
28:19 Horse Collar
32:12 Imperial Age
31:02 Hand Cart
32:52 Town Patrol
33:52 Arson
33:28 Pikeman
35:35 Double Crossbow
37:20 Murder Holes
Crabby
8:35 Loom
10:21 Feudal Age
12:39 Double-Bit Axe
12:44 Horse Collar
16:24 Castle Age
15:07 Fletching
17:19 Town Watch
21:23 Bow Saw
22:57 Heavy Plow
27:35 Forging
28:22 Gold Mining
28:22 Stone Mining
29:27 Wheelbarrow
30:30 Scale Barding Armor
30:22 Bodkin Arrow
31:39 Chain Barding Armor
35:17 Imperial Age
34:39 Husbandry
35:31 Iron Casting
37:47 Plate Barding Armor
39:37 Blast Furnace
39:56 Hand Cart
40:42 Murder Holes
40:58 Masonry
Connection lost

Rejoining the realm…

Still unreachable

The connection could not be restored.

Session expired

The server has moved on; the page needs a fresh start.